 Dungeon Sprint DCSS version 0.28-a0-1130-gc51a68064b (webtiles) character file.

Game seed: 16105805613616236294

38140 rocky1 the Devastator (level 13, -11/102 HPs)
             Began as a Deep Elf Ice Elementalist on Dec 13, 2021.
             Was a High Priest of Sif Muna.
             Mangled by a wizard (13 damage)
             ... in the Dungeon (Sprint VII: "The Pits").
             The game lasted 01:06:16 (5675 turns).

rocky1 the Devastator (Deep Elf Ice Elementalist)   Turns: 5675, Time: 01:06:18

Health: -11/102    AC: 39    Str:  8    XL:     13   Next: 62%
Magic:  34/34      EV: 11    Int: 32    God:    Sif Muna [*****.]
Gold:   26         SH:  0    Dex: 15    Spells: 6/42 levels left

rFire   . . .      SeeInvis .   A - +7 quick blade (spect)
rCold   . . .      Faith    .   w - +1 kite shield {AC+3}
rNeg    + . .      Spirit   .   (armour currently unavailable)
rPois   ∞          Reflect  .   z - +2 helmet {Int+3}
rElec   +          Harm     .   B - +1 cloak
rCorr   .          Rampage  .   (gloves currently unavailable)
Will    +....      NoTele   +   (boots currently unavailable)
Stlth   +++.......              k - amulet of Tusou {RegenMP Int+3}
HPRegen 0.27/turn               o - +3 ring of strength
MPRegen 0.64/turn               p - +3 ring of evasion

@: statue-form, channelling, freezing walls, held, slowed, very slow
A: slow and powerful, torment resistance 1, boosted hp
a: End Transformation, Renounce Religion, Channel Magic, Forget Spell, Divine
Exegesis


You were in the Dungeon.
You worshipped Sif Muna.
Sif Muna was extremely pleased with you.
You were a living statue of rough stone.
You visited 1 branch You collected 26 gold pieces.

Inventory:

Hand Weapons
 n - a +2 long sword of flaming
 u - a +2 scimitar of holy wrath
 v - the +4 quarterstaff of Disembowelment {vorpal, rN+}
   (You found it in the Dungeon)

   It inflicts extra damage upon your enemies.
   rN:        It protects you from negative energy.
 A - a +7 spectral quick blade (weapon)
 E - the +6 shillelagh "Devastator" {shatter}
   (You found it in the Dungeon)

   It releases a powerful concussive burst when it strikes, dealing extra damage
   to the target and all other foes adjacent to them.
Missiles
 a - 3 throwing nets
Armour
 g - a +4 troll leather armour (melded)
 w - a +1 kite shield of protection (worn)
 z - a +2 helmet of intelligence (worn)
 B - a +1 cloak (worn)
 I - a +1 pair of boots (melded)
 J - a +0 pair of gloves (melded)
Jewellery
 k - the amulet of Tusou (around neck) {RegenMP Int+3}
   (You found it in the Dungeon)

   [amulet of magic regeneration]

   It increases your rate of magic regeneration.
   Int:       It affects your intelligence (+3).
 o - a +3 ring of strength (left fist)
 p - a +3 ring of evasion (right fist)
 C - a ring of positive energy
 H - a ring of fire
Wands
 F - a wand of paralysis (2)
Scrolls
 i - 5 scrolls of amnesia
 j - a scroll of summoning
 x - 2 scrolls of fear
Potions
 b - 7 potions of curing
 c - 4 potions of heal wounds
 d - 2 potions of haste
 e - a potion of magic
 f - 7 potions of berserk rage
 h - 2 potions of invisibility
 q - a potion of brilliance
 r - 3 potions of might
 s - a potion of mutation
 t - 2 potions of resistance


   Skills:
 - Level 8.7 Fighting
 + Level 4.5 Short Blades
 - Level 6.0 Armour
 - Level 10.1 Dodging
 - Level 5.0 Stealth
 + Level 3.7 Shields
 + Level 15.3 Spellcasting
 + Level 16.2 Conjurations
 - Level 14.4 Transmutations
 + Level 14.3 Fire Magic
 - Level 14.0 Ice Magic
 - Level 16.1 Earth Magic
 - Level 12.5 Invocations
 - Level 2.5 Evocations


You had 6 spell levels left.
You knew the following spells:

 Your Spells              Type           Power      Damage    Failure   Level
a - Freeze                Ice            100%       1d11      1%          1
b - Frozen Ramparts       Ice            100%       1d12      1%          3
c - Ozocubu's Armour      Ice            85%        N/A       1%          3
d - Hailstorm             Conj/Ice       88%        3d18      1%          4
e - Foxfire               Conj/Fire      100%       2x1d9     0%          1
f - Fireball              Conj/Fire      44%        3d18      1%          5
g - Stone Arrow           Conj/Erth      100%       3d13      1%          3
h - Lee's Rapid Deconstr  Erth           45%        3d23*     1%          5
i - Statue Form           Tmut/Erth      59%        N/A       2%          6
j - Freezing Cloud        Conj/Ice/Air   36%        6-21      3%          5

Your spell library contained the following spells:

 Spells                   Type           Power      Damage    Failure   Level
 Magic Dart               Conj           100%       1d8       0%          1
 Searing Ray              Conj           100%       2d8       0%          2
 Beastly Appendage        Tmut           100%       N/A       1%          1
 Ensorcelled Hibernation  Hex/Ice        100%       N/A       1%          2
 Passwall                 Tmut/Erth      74%        N/A       1%          2
 Scorch                   Fire           100%       2d10      1%          2
 Static Discharge         Conj/Air       67%        N/A       1%          2
 Wereblood                Tmut           86%        N/A       1%          2
 Conjure Flame            Conj/Fire      89%        6-21      1%          3
 Dazzling Flash           Conj/Hex       100%       N/A       1%          3
 Ignite Poison            Fire/Tmut/Pois 72%        N/A       1%          3
 Spider Form              Tmut/Pois      63%        N/A       1%          3
 Flame Wave               Conj/Fire      89%        2d12      1%          4
 Ice Form                 Ice/Tmut       86%        N/A       1%          4
 Petrify                  Tmut/Erth      89%        N/A       1%          4
 Sticky Flame             Conj/Fire      89%        2d10      1%          4
 Blade Hands              Tmut           43%        N/A       1%          5
 Irradiate                Conj/Tmut      44%        3d28      1%          5
 Iskenderun's Battlesphe  Conj           91%        2d14      1%          5
 Iron Shot                Conj/Erth      45%        9d9       1%          6
 Mephitic Cloud           Conj/Pois/Air  56%        N/A       2%          3
 Fulminant Prism          Conj/Hex       33%        3d16      2%          4
 Iskenderun's Mystic Bla  Conj/Tloc      67%        2d14      2%          4
 Starburst                Conj/Fire      44%        6d12      2%          6
 Animate Skeleton         Necr           48%        N/A       8%          1
 Borgnjor's Vile Clutch   Necr/Erth      33%        N/A       8%          5
 Lightning Bolt           Conj/Air       33%        1d51      8%          5
 Corpse Rot               Necr/Air       48%        N/A       11%         2
 Poisonous Vapours        Pois/Air       48%        N/A       11%         2
 Metabolic Englaciation   Hex/Ice        31%        N/A       12%         5
 Summon Guardian Golem    Hex/Summ       24%        N/A       22%         3
 Tukima's Dance           Hex            24%        N/A       22%         3
 Conjure Ball Lightning   Conj/Air       33%        3x3d11    38%         6
 Eringya's Noxious Bog    Tmut/Pois      31%        N/A       52%         6
 Simulacrum               Ice/Necr       31%        N/A       54%         6
 Animate Dead             Necr           12%        N/A       58%         4
 Silence                  Hex/Air        12%        N/A       90%         5
 Summon Mana Viper        Hex/Summ       24%        N/A       90%         5
 Dispersal                Tloc           12%        N/A       100%        6
 Orb of Destruction       Conj           45%        9d15      8%          7
 Dragon Form              Tmut           43%        N/A       17%         7
 Ozocubu's Refrigeration  Ice            42%        4d13      21%         7
 Lehudib's Crystal Spear  Conj/Erth      45%        10d11     54%         8
 Spellforged Servitor     Conj/Summ      33%        N/A       92%         7
 Storm Form               Tmut/Air       31%        N/A       97%         7
 Fire Storm               Conj/Fire      44%        8d11      100%        9
 Shatter                  Erth           45%        3d35*     100%        9


Dungeon Overview and Level Annotations

Branches:
Dungeon (1/1)

Altars:
Ashenzari
Cheibriados
Dithmenos
Elyvilon
Fedhas
Gozag
Hepliaklqana
Kikubaaqudgha
Makhleb
Nemelex Xobeh
Okawaru
Qazlal
Ru
Sif Muna
Trog
Uskayaw
Vehumet
Wu Jian
Xom
Yredelemnul
Zin
The Shining One
Beogh
Jiyva
Lugonu


Message History

You kill the efreet!
Sif Muna accepts your kill.
You see here a book of Beasts.
Sif Muna grants you a gift!
The death cob resists.
The wall freezes the death cob.
The death cob closely misses you.
The wall freezes something.
Unknown command.
Unknown command.
You feel much better.
The death cob completely resists.
The wall freezes the death cob but does no damage.
The death cob hits you! The death cob drains your vigour!
You feel as though you will be slow longer.
The death cob resists.
The wall freezes the death cob.
The death cob hits you.
* * * LOW HITPOINT WARNING * * *
The death cob resists.
The wall freezes the death cob.
The death cob closely misses you.
The wall freezes the hell knight.
The death cob resists.
The wall freezes the death cob.
The death cob hits you.
* * * LOW HITPOINT WARNING * * *
The wall freezes the eight-headed hydra!
The eight-headed hydra bites you but does no damage.
The eight-headed hydra barely misses you.
The eight-headed hydra closely misses you.
The eight-headed hydra bites you but does no damage. x3
The eight-headed hydra bites you.
* * * LOW HITPOINT WARNING * * *
The eight-headed hydra closely misses you.
The wall freezes something.
Something hits you but does no damage. Something freezes you!
* * * LOW HITPOINT WARNING * * *
The wall freezes the hell knight!
The hell knight barely misses you.
The death cob resists.
The wall freezes the death cob.
The death cob hits you.
* * * LOW HITPOINT WARNING * * *
The wall freezes the eight-headed hydra.
The eight-headed hydra seems to slow down.
The eight-headed hydra closely misses you.
The eight-headed hydra misses you.
The eight-headed hydra bites you but does no damage. x6
The wall freezes something.
Something hits you but does no damage. Something freezes you!
You die...

,,,,,,,,,,,*,,,,,,++..#....#..**,
,,*,,,,*,,,*,,,,,,++..........#**
*******************#..........#*,
####################..#....#..#*,
..................''..........#*,
..................''..........#**
################..##..#....#..#*,
#*,*,*,*,*,*,#.#)D##..........++,
#,*,*,*,*,*,*,#p8.##....)?....++,
#*,*,*,*,*,*§#p#z.####''####''#**
#,*,*,*,*,*,#.*#..####''####''###
#*,*,*,*,*,#.*○#..##......##.....
################..##.#"##.##.....
..................##.#).+.##..###
..................##,+..#,##..#))
#######++##########*,#..+,*#..#).
#######++##########*,+†.#,*#..###


You could see a death cob, an eight-headed hydra (slow) and 2 hell knights.

Vanquished Creatures
  A bone dragon (D)
  A death cob (D)
  2 orc warlords (D)
  A blizzard demon (D)
  A yaktaur captain (D)
  A merfolk impaler (D)
  2 vault guards (D)
  A hydra (D)
  2 boulder beetles (D)
  Harold (D)
  4 naga warriors (D)
  A death knight (D)
  2 two-headed ogres (D)
  A sun demon (D)
  A deep elf knight (D)
  A shadow wraith (D)
  A salamander mystic (D)
  2 deep trolls (D)
  A flayed ghost (D)
  A bog body (D)
  11 orc knights (D)
  A wizard (D)
  3 harpies (D)
  A wolf spider (D)
  An ugly thing (D)
  An elephant (D)
  A manticore (D)
  A black mamba (D)
  An eye of devastation (D)
  A guardian serpent (D)
  2 naga magi (D)
  2 gargoyles (D)
  A freezing wraith (D)
  An efreet (D)
  4 yaktaurs (D)
  An unseen horror (D)
  3 demonic crawlers (D)
  A wandering mushroom (D)
  4 merfolk (D)
  2 trolls (D)
  A hornet (D)
  A polar bear (D)
  2 blink frogs (D)
  Grinder (D)
  A flying skull (D)
  A small abomination (D)
  A redback (D)
  An air elemental (D)
  A basilisk (D)
  A wyvern (D)
  6 yaks (D)
  2 tarantellas (D)
  A golden eye (shapeshifter) (D)
  A chaos spawn (D)
  An acid dragon (D)
  A naga (D)
  5 hell hounds (D)
  A water moccasin (D)
  3 floating eyes (D)
  3 orc warriors (D)
  A black bear (D)
  A wolf (D)
  A necrophage (D)
  2 centaurs (D)
  A phantom (D)
  A scorpion (D)
  A gnoll sergeant (D)
  A crimson imp (D)
  2 orc priests (D)
  A hound (D)
  A gnoll shaman (D)
  3 orc wizards (D)
  11 gnolls (D)
  An ufetubus (D)
  A worm (D)
  11 orcs (D)
  A ball python (D)
  A giant cockroach (D)
  2 hobgoblins (D)
  4 jackals (D)
  A bat (D)
  A frilled lizard (D)
  2 kobolds (D)
  A rat (D)
159 creatures vanquished.

Vanquished Creatures (others)
  A floating eye (D)
  39 foxfires (D)
40 creatures vanquished.

Grand Total: 199 creatures vanquished

Notes
Turn   | Place    | Note
-------+----------+-------------------------------------------
     0 | D        | rocky1 the Deep Elf Ice Elementalist began the quest for
                  | the Orb.
     0 | D        | Reached XP level 1. HP: 10/10 MP: 6/6
    16 | D        | Reached skill level 5 in Ice Magic
    43 | D        | Found a bloodstained altar of Trog.
    43 | D        | Found a shimmering blue altar of Sif Muna.
    43 | D        | Found a viscous altar of Jiyva.
    43 | D        | Found a hazy altar of Hepliaklqana.
    43 | D        | Found an opulent altar of Gozag.
    44 | D        | Found a glowing golden altar of the Shining One.
    44 | D        | Found a glowing silver altar of Zin.
    44 | D        | Found a basalt altar of Yredelemnul.
    44 | D        | Found a shimmering altar of Xom.
    44 | D        | Found an ornate altar of the Wu Jian Council.
    44 | D        | Found a sacrificial altar of Ru.
    44 | D        | Found a stormy altar of Qazlal.
    44 | D        | Found an iron altar of Okawaru.
    44 | D        | Found a sparkling altar of Nemelex Xobeh.
    44 | D        | Found a burning altar of Makhleb.
    44 | D        | Found a blossoming altar of Fedhas.
    44 | D        | Found a white marble altar of Elyvilon.
    44 | D        | Found a shadowy altar of Dithmenos.
    44 | D        | Found a snail-covered altar of Cheibriados.
    46 | D        | Found a radiant altar of Vehumet.
    46 | D        | Found a corrupted altar of Lugonu.
    47 | D        | Found a hide-covered altar of Uskayaw.
    47 | D        | Found an ancient bone altar of Kikubaaqudgha.
    47 | D        | Found a broken altar of Ashenzari.
    49 | D        | Became a worshipper of Sif Muna the Loreminder
   114 | D        | Noticed a floating eye
   119 | D        | Reached * piety under Sif Muna
   124 | D        | Paralysed by a floating eye for 2 turns
   128 | D        | Killed a floating eye
   129 | D        | Reached skill level 5 in Stealth
   129 | D        | Reached skill level 5 in Spellcasting
   129 | D        | Reached XP level 2. HP: 18/18 MP: 7/10
   129 | D        | Reached XP level 3. HP: 22/22 MP: 7/11
   129 | D        | Reached XP level 4. HP: 27/27 MP: 8/13
   133 | D        | Learned a level 3 spell: Frozen Ramparts
   137 | D        | Learned a level 3 spell: Ozocubu's Armour
   142 | D        | Learned a level 4 spell: Hailstorm
   144 | D        | Noticed a scorpion
   153 | D        | Reached skill level 1 in Conjurations
   153 | D        | Reached XP level 5. HP: 31/31 MP: 8/15
   208 | D        | Reached ** piety under Sif Muna
   213 | D        | Reached skill level 5 in Invocations
   356 | D        | Noticed a flying skull
   361 | D        | Reached *** piety under Sif Muna
   411 | D        | Killed a flying skull
   411 | D        | Reached **** piety under Sif Muna
   412 | D        | Reached skill level 5 in Conjurations
   412 | D        | Reached XP level 6. HP: 24/36 MP: 7/20
   509 | D        | Reached skill level 5 in Dodging
   597 | D        | Noticed a floating eye
   606 | D        | Paralysed by a floating eye for 2 turns
   608 | D        | Killed a floating eye
   608 | D        | Reached ***** piety under Sif Muna
   609 | D        | Reached XP level 7. HP: 41/41 MP: 21/21
   720 | D        | Received a gift from Sif Muna
   754 | D        | Reached skill level 10 in Ice Magic
   994 | D        | Noticed a wyvern
  1000 | D        | Received a gift from Sif Muna
  1002 | D        | Killed a wyvern
  1003 | D        | Reached XP level 8. HP: 39/48 MP: 7/23
  1016 | D        | Got Sif Muna's Volume of Conjuration {god gift}
  1058 | D        | Got the +4 quarterstaff of Disembowelment {vorpal, rN+}
  1125 | D        | Learned a level 1 spell: Foxfire
  1131 | D        | Learned a level 5 spell: Fireball
  1138 | D        | Noticed a freezing wraith
  1138 | D        | Noticed a deep troll
  1145 | D        | HP: 1/48 [deep troll (7)]
  1149 | D        | Killed a deep troll
  1149 | D        | Killed a freezing wraith
  1150 | D        | Reached skill level 10 in Invocations
  1498 | D        | Reached skill level 5 in Fire Magic
  1498 | D        | Reached XP level 9. HP: 53/53 MP: 16/24
  1500 | D        | Received a gift from Sif Muna
  1500 | D        | Killed an unseen horror
  1501 | D        | Reached skill level 10 in Conjurations
  1505 | D        | Got Sif Muna's Catalogue of Mutagenic Ignition {god gift}
  1508 | D        | Noticed a demonic crawler
  1510 | D        | Noticed a polar bear
  1524 | D        | Killed a demonic crawler
  1524 | D        | Received a gift from Sif Muna
  1525 | D        | Killed a polar bear
  1526 | D        | Got Sif Muna's Volume of Curses {god gift}
  1866 | D        | Noticed a two-headed ogre
  1883 | D        | Killed a two-headed ogre
  1883 | D        | Received a gift from Sif Muna
  1884 | D        | Got Sif Muna's Catalogue of Earth and Intoxication {god
                  | gift}
  1885 | D        | Noticed Grinder
  1889 | D        | Learned a level 3 spell: Stone Arrow
  1889 | D        | Noticed a two-headed ogre
  1893 | D        | Killed Grinder
  1894 | D        | Reached skill level 1 in Earth Magic
  1894 | D        | Reached XP level 10. HP: 58/58 MP: 6/25
  1895 | D        | Killed a two-headed ogre
  1973 | D        | Noticed a deep troll
  1979 | D        | Killed a deep troll
  1980 | D        | Reached skill level 10 in Spellcasting
  2113 | D        | Learned a level 5 spell: Lee's Rapid Deconstruction
  2357 | D        | Noticed a harpy
  2358 | D        | Noticed a harpy
  2358 | D        | Noticed a harpy
  2358 | D        | Noticed a black mamba
  2360 | D        | Paralysed by an air elemental for 1 turns
  2362 | D        | Noticed a five-headed hydra
  2363 | D        | Killed a harpy
  2363 | D        | Received a gift from Sif Muna
  2364 | D        | Reached skill level 5 in Earth Magic
  2365 | D        | Killed a harpy
  2365 | D        | Killed a harpy
  2366 | D        | Reached skill level 10 in Fire Magic
  2369 | D        | Killed a black mamba
  2369 | D        | Received a gift from Sif Muna
  2370 | D        | Killed a five-headed hydra
  2371 | D        | Reached XP level 11. HP: 27/62 MP: 22/29
  2625 | D        | Got Siuddufu's Guide on Hurtful Shape Shifting {god gift}
  2625 | D        | Got Sif Muna's Collected Works on Unstable Necromancy {god
                  | gift}
  2634 | D        | Learned a level 6 spell: Statue Form
  2682 | D        | Reached skill level 1 in Transmutations
  2759 | D        | Noticed a boulder beetle
  2919 | D        | Killed a boulder beetle
  2965 | D        | Received a gift from Sif Muna
  2966 | D        | Got Zioss's Volume of Transformation and the Frostbite {god
                  | gift}
  3008 | D        | Received a gift from Sif Muna
  3009 | D        | Reached skill level 5 in Transmutations
  3015 | D        | Got Sif Muna's Guide on Unholy Confrontation {god gift}
  3442 | D        | Reached skill level 10 in Earth Magic
  3673 | D        | Noticed a bog body
  3676 | D        | Killed a bog body
  3676 | D        | Received a gift from Sif Muna
  3677 | D        | Got Sif Muna's Tome of Dusty Attacks {god gift}
  3681 | D        | Reached ****** piety under Sif Muna
  3698 | D        | Noticed a death knight
  3705 | D        | Killed a death knight
  3707 | D        | Noticed an orc knight
  3712 | D        | Killed an orc knight
  3712 | D        | Received a gift from Sif Muna
  3713 | D        | Got Sif Muna's Incunabulum of Damaging Transmutation {god
                  | gift}
  3720 | D        | Learned a level 5 spell: Freezing Cloud
  3803 | D        | Noticed a flayed ghost
  3804 | D        | Noticed a merfolk impaler
  3806 | D        | Killed a flayed ghost
  3815 | D        | Reached skill level 10 in Transmutations
  3817 | D        | Reached XP level 12. HP: 48/68 MP: 18/32
  3819 | D        | Killed a merfolk impaler
  3820 | D        | Received a gift from Sif Muna
  3821 | D        | Got Latufasm's Handbook of Hexes {god gift}
  4043 | D        | Noticed an orc warlord
  4087 | D        | Reached skill level 5 in Fighting
  4087 | D        | Reached skill level 1 in Armour
  4289 | D        | Killed an orc warlord
  4289 | D        | Received a gift from Sif Muna
  4299 | D        | Reached skill level 1 in Evocations
  4326 | D        | Received a gift from Sif Muna
  4327 | D        | Reached skill level 10 in Dodging
  4327 | D        | Got Sif Muna's Guide on the Glacier {god gift}
  4627 | D        | Noticed an orc warlord
  4638 | D        | Killed an orc warlord
  4741 | D        | Noticed a vault guard
  4746 | D        | Reached skill level 5 in Armour
  4746 | D        | Noticed a naga warrior
  4748 | D        | Killed a vault guard
  4749 | D        | Reached skill level 15 in Earth Magic
  4751 | D        | Killed a naga warrior
  4753 | D        | Noticed a vault guard
  4892 | D        | Killed a vault guard
  4893 | D        | Reached XP level 13. HP: 55/78 MP: 13/33
  4992 | D        | Noticed a death cob
  4998 | D        | Killed a death cob
  4998 | D        | Received a gift from Sif Muna
  5005 | D        | Got Iremn's Incunabulum of Destructive Curses {god gift}
  5009 | D        | Noticed a blizzard demon
  5013 | D        | Reached skill level 15 in Conjurations
  5017 | D        | Killed a blizzard demon
  5210 | D        | Found the +6 shillelagh "Devastator" {shatter}
  5483 | D        | Noticed a bone dragon
  5486 | D        | Reached skill level 1 in Short Blades
  5486 | D        | Received a gift from Sif Muna
  5487 | D        | Reached skill level 1 in Shields
  5504 | D        | Killed a bone dragon
  5507 | D        | Got Sif Muna's Handbook of Clay {god gift}
  5515 | D        | Got the amulet of Tusou {RegenMP Int+3}
  5660 | D        | Noticed Harold
  5666 | D        | Paralysed by a floating eye for 4 turns
  5671 | D        | Reached skill level 15 in Spellcasting
  5671 | D        | Killed Harold
  5672 | D        | Noticed a death cob
  5674 | D        | Received a gift from Sif Muna
  5675 | D        | HP: 5/102 [something (14)]
  5675 | D        | HP: 2/102 [death cob (3)]
  5675 | D        | Mangled by a wizard

Illustrated notes

Levels and vault maps discovered:
D:        pitsprint [storerooms_1, entrance_room_1, metal_vault_4, armoury_2,
          mini_pit_1, grid_room_1, main_hall_1, silver_pit, the_coven_2,
          the_vestibule_1, steel_vault_4, golden_pit, hallway_of_sentries,
          crystal_vault_3, iron_vault_1, final_vault]

Skill      XL: |  1  2  3  4  5  6  7  8  9 10 11 12 13 |
---------------+----------------------------------------+-----
Ice Magic      | 7 9 10 12 14 | 14.0
Fighting       | 2 3 4 7 8 |  8.7
Dodging        | 4 5 7 10 | 10.1
Stealth        | 5 |  5.0
Spellcasting   | 5 6 9 12 14 15 | 15.3
Invocations    | 3 4 6 7 8 10 12 | 12.5
Conjurations   | 1 5 6 7 9 11 13 14 16 | 16.2
Fire Magic     | 5 8 11 12 14 | 14.3
Earth Magic    | 1 7 12 15 16 | 16.1
Transmutations | 10 13 14 | 14.4
Armour         | 5 6 |  6.0
Evocations     | 2 |  2.5
Short Blades   | 4 |  4.5
Shields        | 3 |  3.7

Action                   |  1- 3 |  4- 6 |  7- 9 | 10-12 | 13-15 || total
-------------------------+-------+-------+-------+-------+-------++-------
Melee: Quarterstaff      |     6 |    11 |    19 |    16 |     1 ||    53
       Unarmed           |       |       |     8 |       |       ||     8
       Tailslap          |       |       |     1 |       |       ||     1
       Quick blade       |       |       |       |       |    12 ||    12
 Cast: Freeze            |     7 |     8 |    12 |     9 |       ||    36
       Frozen Ramparts   |       |     5 |     8 |    12 |     2 ||    27
       Ozocubu's Armour  |       |     3 |     6 |     3 |       ||    12
       Hailstorm         |       |     1 |    14 |     8 |     1 ||    24
       Fireball          |       |       |     6 |    21 |     2 ||    29
       Foxfire           |       |       |     9 |    14 |       ||    23
       Dragon Form       |       |       |     1 |       |       ||     1
       Statue Form       |       |       |       |     5 |     3 ||     8
       Stone Arrow       |       |       |       |     1 |       ||     1
       Lee's Rapid Decon |       |       |       |    77 |    12 ||    89
       Freezing Cloud    |       |       |       |     3 |     1 ||     4
       Lehudib's Crystal |       |       |       |     1 |     1 ||     2
       Fire Storm        |       |       |       |     1 |     1 ||     2
       Orb of Destructio |       |       |       |     1 |       ||     1
       Starburst         |       |       |       |       |     3 ||     3
Invok: Divine Exegesis   |       |       |     3 |     4 |     5 ||    12
       Channel Magic     |       |       |     3 |     8 |     2 ||    13
 Abil: Breathe Fire      |       |       |     1 |       |       ||     1
  Use: Potion            |       |       |     3 |     6 |     6 ||    15
       Scroll            |       |       |     1 |     3 |    11 ||    15
 Stab: Sleeping          |     1 |       |       |       |       ||     1
Armor: Robe              |     2 |       |    26 |    16 |       ||    44
       Skin              |       |       |    15 |    27 |    86 ||   128
       Troll leather arm |       |       |       |     4 |       ||     4
Dodge: Dodged            |     3 |    10 |    60 |    93 |    70 ||   236
Block: Kite shield       |       |       |       |       |    13 ||    13

Table legend: (Time is in decaauts)
 A = Elapsed time spent in this place.
 B = Non-inter-level travel time spent in this place.
 C = Inter-level travel time spent in this place.
 D = Time resting spent in this place.
 E = Time spent auto-exploring this place.
 F = Levels seen in this place.
 G = Mean time per level.
                   A        B        C        D        E       F      G
               +--------+--------+--------+--------+--------+-----+--------+
         Total |   5870 |   5812 |     58 |   3605 |      0 |   1 | 5870.0 |
       Dungeon |   5870 |   5812 |     58 |   3605 |      0 |   1 | 5870.0 |
               +--------+--------+--------+--------+--------+-----+--------+

Top non-repeatable levels by time:
       D: 5870 daAuts
